Griffins vs Phantoms
(R2)
Created - April 25, 2021 at 21:05
Goals
|
| Griffins |
4 |
1 |
3 |
8 |
| Phantoms |
2 |
2 |
2 |
6 |
|
Shots
|
| Griffins |
5 |
12 |
7 |
24 |
| Phantoms |
7 |
11 |
10 |
28 |
|
1st period
1. Griffins , Phil Oreskovic 3 (Brandon Pirri 37) at 2:38
2. Phantoms , Jake Dotchin 7 (Dylan Olsen 22, Morgan Klimchuk 18) at 5:07
3. Griffins , Dylan Larkin 45 (Tye McGinn 60, Phil Oreskovic 20) at 7:56
4. Griffins , Danny Kristo 28 (Brandon Pirri 38, Mathew Barzal 28) at 10:41
5. Phantoms , Sven Andrighetto 11 (Calle Jarnkrok 43) at 12:22
6. Griffins , Max Domi 28 (Riley Armstrong 29) at 17:33
Penalties :
Brandon McMillan (Leh) for Hooking (Minor) at 3:01, Ivan Provorov (Leh) for Tripping (Minor) at 12:57, Ben Hanowski (Gra) for High sticking (Minor) at 17:55
2nd period
7. Phantoms , Brandon McMillan 14 (Tyler Brenner 54, Tomas Kubalik 48) at 2:28
8. Griffins , Riley Armstrong 18 (Max Domi 39) at 15:23
9. Phantoms , Nick Shore 14 (Sven Andrighetto 14, Erik Nystrom 15) at 16:17
Penalties :
Jake Dotchin (Leh) for Tripping (Minor) at 11:37
3rd period
10. Griffins , Max Domi 29 (Tye McGinn 61, Travis Sanheim 26) at 11:22 (PP)
11. Griffins , Marcus Pettersson 7 (Max Domi 40, Tye McGinn 62) at 11:43 (PP)
12. Griffins , Tye McGinn 45 (Ben Hanowski 31, Dylan Larkin 60) at 14:04
13. Phantoms , Calle Jarnkrok 22 (Michael Bournival 61, Tyler Randell 39) at 17:14 (PP)
14. Phantoms , Tyler Randell 40 (Calle Jarnkrok 44, Michael Bournival 62) at 17:26 (PP)
Penalties :
Ben Hanowski (Gra) for Holding (Minor) at 0:03, Rinat Valiev (Leh) for Roughing (Minor) at 2:20, Michael Bournival (Leh) for Hooking (Minor) at 5:56, Ivan Provorov (Leh) for Interference (Minor) at 10:04, Michael Bournival (Leh) for Cross-checking (Minor) at 11:36, Marcus Pettersson (Gra) for Cross-checking (Minor) at 14:26, Phil Oreskovic (Gra) for Roughing (Double Minor) at 17:07, Morgan Klimchuk (Leh) for Hooking (Minor) at 18:00
Goalie Stats
Igor Shesterkin (Gra), 22 saves from 28 shots - (0.786), W, 15-14-5, 60:00 minutes
Anton Forsberg (Leh), 15 saves from 19 shots - (0.789), L, 19-15-1, 42:27 minutes
Zachary Fucale (Leh), 1 saves from 5 shots - (0.200), 17:33 minutes
Players Stats for Griffins
Player Name G A P +/- PIM S H SB GA TA FO MP PP MP PK MP
------------------------------------------------------------------------------------
Adam Gaudette 0 0 0 0 0 0 1 0 0 0 0/0 16:49 6:00 0:00
Ben Hanowski 0 1 1 2 4 0 2 1 0 1 1/2 15:17 0:00 0:34
Brandon Pirri 0 2 2 1 0 1 2 0 1 1 1/1 16:09 5:54 2:04
Brendan Woods 0 0 0 0 0 0 0 0 0 0 1/1 10:41 0:00 3:26
Danny Kristo 1 0 1 1 0 2 1 0 0 0 3/5 11:05 0:07 3:09
Dylan Larkin 1 1 2 1 0 3 0 0 4 1 10/28 21:31 7:19 0:00
Jordie Benn 0 0 0 0 0 2 2 1 0 0 0/0 24:44 7:51 3:23
Marcus Pettersson 1 0 1 0 2 1 1 0 2 1 0/0 21:15 7:51 0:07
Mathew Barzal 0 1 1 0 0 0 1 0 0 0 0/2 15:49 5:28 1:26
Max Domi 2 2 4 -1 0 3 4 0 0 0 0/2 17:45 7:12 0:00
Phil Oreskovic 1 1 2 1 4 1 1 1 0 0 0/0 14:38 0:00 2:46
Riley Armstrong 1 1 2 0 0 3 1 0 0 0 7/12 16:54 6:00 0:00
Rourke Chartier 0 0 0 0 0 0 0 1 1 0 3/6 7:13 0:00 0:00
Ryan Pulock 0 0 0 1 0 1 0 1 0 0 0/0 14:56 0:00 2:53
Simon Despres 0 0 0 2 0 1 0 0 0 1 0/0 17:19 0:00 3:23
Sonny Milano 0 0 0 0 0 0 0 0 1 0 0/0 7:33 0:13 0:00
Travis Sanheim 0 1 1 1 0 1 0 0 0 0 0/0 20:25 5:28 0:00
Tye McGinn 1 3 4 1 0 5 1 1 0 0 2/2 23:37 7:12 1:53
Players Stats for Phantoms
Player Name G A P +/- PIM S H SB GA TA FO MP PP MP PK MP
------------------------------------------------------------------------------------
Blake Heinrich 0 0 0 -2 0 0 3 0 0 1 0/0 18:57 2:18 5:34
Brandon McMillan 1 0 1 1 2 1 0 0 0 0 0/0 14:47 2:42 0:10
Brendan Leipsic 0 0 0 1 0 0 0 0 0 0 1/2 3:58 0:00 2:48
Calle Jarnkrok 1 2 3 -2 0 1 3 2 0 0 20/31 19:50 3:29 4:06
Cristoval Nieves 0 0 0 -2 0 0 0 0 0 0 1/4 6:25 0:00 1:00
David Kampf 0 0 0 0 0 0 0 0 0 0 0/0 0:27 0:12 0:00
Devon Teows 0 0 0 3 0 1 1 0 0 0 0/0 15:07 0:00 2:28
Dylan Olsen 0 1 1 -2 0 1 1 2 0 1 0/0 29:49 3:58 7:45
Erik Nystrom 0 1 1 1 0 1 1 0 0 1 0/0 8:18 0:00 0:00
Ivan Provorov 0 0 0 -3 4 1 1 0 0 0 0/0 16:39 2:18 4:03
Jake Dotchin 1 0 1 -2 2 6 1 1 1 5 0/0 28:39 3:58 6:36
Lucas Wallmarkk 0 0 0 0 0 0 0 0 0 0 0/0 1:41 0:12 0:00
Michael Bournival 0 2 2 -2 4 2 3 0 2 0 0/0 22:01 3:22 5:53
Morgan Klimchuk 0 1 1 -1 2 1 0 0 0 0 0/0 7:14 0:00 1:37
Nick Shore 1 0 1 1 0 1 1 0 0 0 3/5 9:55 0:00 0:00
Rinat Valiev 0 0 0 2 2 0 1 1 0 0 0/0 11:35 0:00 0:12
Sven Andrighetto 1 1 2 1 0 2 3 0 0 0 0/0 9:55 0:00 0:00
Tomas Kubalik 0 1 1 0 0 7 2 0 0 1 0/1 18:39 2:42 4:06
Travis Konecny 0 0 0 -2 0 1 0 0 0 0 0/0 5:34 0:05 0:00
Tyler Brenner 0 1 1 0 0 0 1 0 0 0 2/5 14:31 2:42 0:00
Tyler Randell 1 1 2 -2 0 2 2 0 2 0 6/13 22:32 3:22 6:58
3 Stars
1 - Max Domi (Gra)
2 - Tye McGinn (Gra)
3 - Dylan Larkin (Gra)
Power Play
Griffins - 2 on 8 Attempt(s) - 25.00%
Phantoms - 2 on 5 Attempt(s) - 40.00%
Penalty Kill
Griffins - 3 on 5 Attempt(s) - 60.00%
- Score 0 goal in Penalty Kill
Phantoms - 6 on 8 Attempt(s) - 75.00%
- Score 0 goal in Penalty Kill
Team Stat
Griffins - Hits : 17 - Faceoff Wins : 28 - Blocked Shots : 6 - Penalty Minutes : 10
Phantoms - Hits : 24 - Faceoff Wins : 33 - Blocked Shots : 6 - Penalty Minutes : 16
Official
Referees : Unknown
Linesman : Unknown
Game Notes
Anton Forsberg enters game at 17:33 of 1st period
Erik Nystrom is injured at 5:49 of 3rd period (Bruised Left Arm)
Finance
Level 1 -- Attendance: 1748 (87.40%) -- Ticket Income $59,432
Level 2 -- Attendance: 801 (80.10%) -- Ticket Income $15,219
Total Attendance: 2549 (84.97%)
Total Ticket Income: $74,651
Other Income: $3,733
Total Income: $78,384
Griffins
5 vs 5 Forward
Center Left Wing Right Wing Time % Phy DF OF
1 Dylan Larkin Tye McGinn Ben Hanowski 40 0 2 3
2 Riley Armstrong Max Domi Adam Gaudette 30 0 2 3
3 Mathew Barzal Brandon Pirri Danny Kristo 20 0 2 3
4 Rourke Chartier Sonny Milano Brendan Woods 10 0 3 2
5 vs 5 Defense
Defense Defense Time % Phy DF OF
1 Travis Sanheim Simon Despres 35 0 3 2
2 Marcus Pettersson Jordie Benn 35 0 3 2
3 Ryan Pulock Phil Oreskovic 15 0 3 2
4 Ryan Pulock Phil Oreskovic 15 0 3 2
PowerPlay Forward
Center Left Wing Right Wing Time % Phy DF OF
1 Dylan Larkin Tye McGinn Max Domi 60 0 1 4
2 Riley Armstrong Brandon Pirri Adam Gaudette 40 0 1 4
PowerPlay Defense
Defense Defense Time % Phy DF OF
1 Jordie Benn Marcus Pettersson 60 0 2 3
2 Mathew Barzal Travis Sanheim 40 0 2 3
Penalty Kill 4 Players Forward
Center Wing Time % Phy DF OF
1 Danny Kristo Brendan Woods 60 0 4 1
2 Ben Hanowski Tye McGinn 40 0 4 1
Penalty Kill 4 Players Defense
Defense Defense Time % Phy DF OF
1 Jordie Benn Simon Despres 60 1 2 2
2 Phil Oreskovic Ryan Pulock 40 1 2 2
Penalty Kill - 3 Players Forward
Forward Time % Phy DF OF
1 Brendan Woods 60 0 4 1
2 Danny Kristo 40 0 4 1
Penalty Kill - 3 Players Defense
Defense Defense Time % Phy DF OF
1 Jordie Benn Simon Despres 60 1 2 2
2 Phil Oreskovic Ryan Pulock 40 1 2 2
4 vs 4 Forward
Center Wing Time % Phy DF OF
1 Dylan Larkin Tye McGinn 60 0 2 3
2 Max Domi Adam Gaudette 40 0 2 3
4 vs 4 Defense
Defense Defense Time % Phy DF OF
1 Travis Sanheim Simon Despres 60 0 3 2
2 Jordie Benn Marcus Pettersson 40 0 3 2
Last Minutes Offensive
Center Left Wing Right Wing Defense Defense
Dylan Larkin Tye McGinn Max Domi Marcus Pettersson Travis Sanheim
Last Minutes Defensive
Center Left Wing Right Wing Defense Defense
Tye McGinn Brendan Woods Danny Kristo Phil Oreskovic Simon Despres
Goaltenders
Starting : Igor Shesterkin
Backup : Olivier Roy
Extra Forwards
Normal : Dylan Larkin, Max Domi, Mathew Barzal - PP : Sonny Milano, Danny Kristo - PK : Brandon Pirri
Extra Defensemen
Normal : Travis Sanheim, Marcus Pettersson, Phil Oreskovic - PP : Simon Despres - PK : Marcus Pettersson, Travis Sanheim
Penalty Shots
Dylan Larkin, Brandon Pirri, Danny Kristo, Sonny Milano, Ben Hanowski
Scratches
Vladislav Namestnikov (Healthy), Garrett Wilson (Healthy), Mathieu Joseph (Healthy), Troy Terry (Healthy), Tanner Kero (Healthy)
Greg McKegg (Healthy), Nikita Pavlychev (Healthy), Konrad Abeltshauser (Healthy), Dylan DeMelo (Healthy), Tomas Hyka (Healthy)
Ian McCoshen (Healthy), Michael Bunting (Healthy), Ryan Mantha (Healthy), Jack Ramsey (Healthy), Marcus Hogberg (Healthy)
Phantoms
5 vs 5 Forward
Center Left Wing Right Wing Time % Phy DF OF
1 Calle Jarnkrok Michael Bournival Tyler Randell 40 1 2 2
2 Tyler Brenner Brandon McMillan Tomas Kubalik 30 1 2 2
3 Nick Shore Erik Nystrom Sven Andrighetto 20 1 2 2
4 Cristoval Nieves Morgan Klimchuk Travis Konecny 10 1 2 2
5 vs 5 Defense
Defense Defense Time % Phy DF OF
1 Dylan Olsen Jake Dotchin 40 1 2 2
2 Ivan Provorov Blake Heinrich 30 1 2 2
3 Rinat Valiev Devon Teows 20 1 2 2
4 Dylan Olsen Jake Dotchin 10 1 2 2
PowerPlay Forward
Center Left Wing Right Wing Time % Phy DF OF
1 Calle Jarnkrok Michael Bournival Tyler Randell 60 1 2 2
2 Tyler Brenner Brandon McMillan Tomas Kubalik 40 1 2 2
PowerPlay Defense
Defense Defense Time % Phy DF OF
1 Dylan Olsen Jake Dotchin 60 1 2 2
2 Ivan Provorov Blake Heinrich 40 1 2 2
Penalty Kill 4 Players Forward
Center Wing Time % Phy DF OF
1 Tyler Randell Michael Bournival 60 1 2 2
2 Calle Jarnkrok Tomas Kubalik 40 1 2 2
Penalty Kill 4 Players Defense
Defense Defense Time % Phy DF OF
1 Dylan Olsen Jake Dotchin 60 1 2 2
2 Ivan Provorov Blake Heinrich 40 1 2 2
Penalty Kill - 3 Players Forward
Forward Time % Phy DF OF
1 Tyler Randell 60 1 2 2
2 Michael Bournival 40 1 2 2
Penalty Kill - 3 Players Defense
Defense Defense Time % Phy DF OF
1 Dylan Olsen Jake Dotchin 60 1 2 2
2 Ivan Provorov Blake Heinrich 40 1 2 2
4 vs 4 Forward
Center Wing Time % Phy DF OF
1 Tyler Randell Michael Bournival 60 1 2 2
2 Calle Jarnkrok Tomas Kubalik 40 1 2 2
4 vs 4 Defense
Defense Defense Time % Phy DF OF
1 Dylan Olsen Jake Dotchin 60 1 2 2
2 Ivan Provorov Blake Heinrich 40 1 2 2
Last Minutes Offensive
Center Left Wing Right Wing Defense Defense
Calle Jarnkrok Michael Bournival Tyler Randell Dylan Olsen Jake Dotchin
Last Minutes Defensive
Center Left Wing Right Wing Defense Defense
Calle Jarnkrok Michael Bournival Tyler Randell Dylan Olsen Jake Dotchin
Goaltenders
Starting : Zachary Fucale
Backup : Anton Forsberg
Extra Forwards
Normal : Lucas Wallmarkk, David Kampf, Brendan Leipsic - PP : Lucas Wallmarkk, David Kampf - PK : Brendan Leipsic
Extra Defensemen
Normal : Rinat Valiev, Devon Teows, Ivan Provorov - PP : Rinat Valiev - PK : Devon Teows, Ivan Provorov
Penalty Shots
Tyler Randell, Michael Bournival, Calle Jarnkrok, Tomas Kubalik, Tyler Brenner
Scratches
A.J. Greer (Healthy), JC Lipon (Healthy), Brenden Kichton (Healthy), Cooper Marody (Healthy), Nick Sorensen (Healthy)
Laurent Dauphin (Healthy), Reid McNeill (Healthy), Mark Alt (Healthy), Justin Kirkland (Healthy), Anthony Angello (Healthy)
Jason Kasdorf (Healthy), Scott Wedgewood (Healthy)
% Time on Ice - Griffins
Lines # - Real PCT - Wanted PCT - Time Play
Normal Forward
1 - 36% - 40% - 14:37
2 - 27% - 30% - 11:04
3 - 19% - 20% - 7:31
4 - 18% - 10% - 7:13
Normal Defense
1 - 35% - 35% - 14:04
2 - 37% - 35% - 14:57
3 - 14% - 15% - 5:51
4 - 14% - 15% - 5:33
PP Forward
1 - 55% - 60% - 7:19
2 - 45% - 40% - 6:00
PP Defense
1 - 59% - 60% - 7:51
2 - 41% - 40% - 5:28
PK Forward
1 - 78% - 60% - 4:53
2 - 22% - 40% - 1:23
PK Defense
1 - 54% - 60% - 3:23
2 - 46% - 40% - 2:53
PK3 Forward
1 - 0% - 60%
2 - 0% - 40%
PK3 Defense
1 - 0% - 60%
2 - 0% - 40%
44 Forward
1 - 0% - 60%
2 - 0% - 40%
44 Defense
1 - 0% - 60%
2 - 0% - 40%
Last Minute Offensive - 0:00
Last Minute Defensive - 0:00
Total
Forward - 60:00
Defense - 60:00
|
% Time on Ice - Phantoms
Lines # - Real PCT - Wanted PCT - Time Play
Normal Forward
1 - 33% - 40% - 13:24
2 - 29% - 30% - 11:51
3 - 25% - 20% - 9:55
4 - 13% - 10% - 5:15
Normal Defense
1 - 42% - 40% - 16:54
2 - 27% - 30% - 11:05
3 - 28% - 20% - 11:14
4 - 3% - 10% - 1:12
PP Forward
1 - 57% - 60% - 3:34
2 - 43% - 40% - 2:42
PP Defense
1 - 63% - 60% - 3:58
2 - 37% - 40% - 2:18
PK Forward
1 - 69% - 60% - 9:13
2 - 31% - 40% - 4:06
PK Defense
1 - 58% - 60% - 7:45
2 - 42% - 40% - 5:34
PK3 Forward
1 - 0% - 60%
2 - 0% - 40%
PK3 Defense
1 - 0% - 60%
2 - 0% - 40%
44 Forward
1 - 0% - 60%
2 - 0% - 40%
44 Defense
1 - 0% - 60%
2 - 0% - 40%
Last Minute Offensive - 0:00
Last Minute Defensive - 0:00
Total
Forward - 60:00
Defense - 60:00
|
Play-by-Play
1st period
0:01 of 1st period - Calle Jarnkrok wins face-off versus Dylan Larkin in neutral zone.
0:03 of 1st period - Off-side.
0:04 of 1st period - Calle Jarnkrok wins face-off versus Dylan Larkin in neutral zone.
0:07 of 1st period - Wrist shot by Tyler Randell.
0:07 of 1st period - Shot Misses the Net.
0:35 of 1st period - Snap shot by Riley Armstrong.
0:35 of 1st period - Shot Misses the Net.
1:36 of 1st period - Ben Hanowski is hit by Devon Teows and loses puck.
2:15 of 1st period - Wrist shot by Tyler Randell.
2:15 of 1st period - Shot Misses the Net.
2:17 of 1st period - Snap shot by Tyler Randell.
2:17 of 1st period - Shot Misses the Net.
2:38 of 1st period - Slapshot by Phil Oreskovic.
2:38 of 1st period - Goal by Phil Oreskovic - Griffins : 1 - Phantoms : 0.
2:39 of 1st period - Tyler Brenner wins face-off versus Dylan Larkin in neutral zone.
3:01 of 1st period - Minor Penalty to Brandon McMillan for Hooking.
3:02 of 1st period - Tyler Randell wins face-off versus Max Domi in Phantoms zone.
4:57 of 1st period - Icing by Max Domi.
4:58 of 1st period - Brendan Leipsic wins face-off versus Dylan Larkin in Griffins zone.
5:01 of 1st period - Penalty to Brandon McMillan is over, Brandon McMillan is back on ice.
5:03 of 1st period - Snap shot by Morgan Klimchuk.
5:03 of 1st period - Stopped by Igor Shesterkin with a rebound.
5:05 of 1st period - Snap shot by Dylan Olsen.
5:05 of 1st period - Stopped by Igor Shesterkin with a rebound.
5:07 of 1st period - Slapshot by Jake Dotchin.
5:07 of 1st period - Deflect By Dylan Larkin.
5:07 of 1st period - Goal by Jake Dotchin - Griffins : 1 - Phantoms : 1.
5:08 of 1st period - Calle Jarnkrok wins face-off versus Riley Armstrong in neutral zone.
5:33 of 1st period - Tomas Kubalik is hit by Ben Hanowski and loses puck.
5:55 of 1st period - Brandon Pirri is hit by Sven Andrighetto and loses puck.
6:24 of 1st period - Wrist shot by Rourke Chartier.
6:24 of 1st period - Shot Misses the Net.
6:38 of 1st period - Wrist shot by Travis Konecny.
6:38 of 1st period - Shot Blocked by Phil Oreskovic.
7:30 of 1st period - Tye McGinn is hit by Erik Nystrom and loses puck.
7:56 of 1st period - Wrist shot by Dylan Larkin.
7:56 of 1st period - Goal by Dylan Larkin - Griffins : 2 - Phantoms : 1.
7:57 of 1st period - Riley Armstrong wins face-off versus Calle Jarnkrok in neutral zone.
8:03 of 1st period - Icing by Jake Dotchin.
8:04 of 1st period - Calle Jarnkrok wins face-off versus Riley Armstrong in Phantoms zone.
9:07 of 1st period - Wrist shot by Tomas Kubalik.
9:07 of 1st period - Stopped by Igor Shesterkin with a rebound.
9:09 of 1st period - Wrist shot by Tomas Kubalik.
9:09 of 1st period - Stopped by Igor Shesterkin with a rebound.
10:17 of 1st period - Snap shot by Danny Kristo.
10:17 of 1st period - Stopped by Zachary Fucale with a rebound.
10:19 of 1st period - Wrist shot by Brandon Pirri.
10:19 of 1st period - Shot Misses the Net.
10:21 of 1st period - Slapshot by Travis Sanheim.
10:21 of 1st period - Shot Misses the Net.
10:39 of 1st period - Slapshot by Brandon Pirri.
10:39 of 1st period - Shot Misses the Net.
10:41 of 1st period - Snap shot by Danny Kristo.
10:41 of 1st period - Goal by Danny Kristo - Griffins : 3 - Phantoms : 1.
10:42 of 1st period - Riley Armstrong wins face-off versus Calle Jarnkrok in neutral zone.
11:13 of 1st period - Dylan Larkin is hit by Sven Andrighetto and loses puck.
11:31 of 1st period - Off-side.
11:32 of 1st period - Cristoval Nieves wins face-off versus Rourke Chartier in neutral zone.
12:07 of 1st period - Dylan Larkin is hit by Michael Bournival and loses puck.
12:22 of 1st period - Wrist shot by Sven Andrighetto.
12:22 of 1st period - Goal by Sven Andrighetto - Griffins : 3 - Phantoms : 2.
12:23 of 1st period - Calle Jarnkrok wins face-off versus Riley Armstrong in neutral zone.
12:35 of 1st period - Off-side.
12:36 of 1st period - Dylan Larkin wins face-off versus Calle Jarnkrok in neutral zone.
12:51 of 1st period - Snap shot by Dylan Larkin.
12:51 of 1st period - Shot Misses the Net.
12:57 of 1st period - Minor Penalty to Ivan Provorov for Tripping.
12:58 of 1st period - Tyler Randell wins face-off versus Dylan Larkin in Phantoms zone.
13:36 of 1st period - Slapshot by Tomas Kubalik.
13:36 of 1st period - Stopped by Igor Shesterkin with a rebound.
14:57 of 1st period - Penalty to Ivan Provorov is over, Ivan Provorov is back on ice.
15:02 of 1st period - Ivan Provorov is hit by Brandon Pirri and loses puck.
15:10 of 1st period - Icing by Ivan Provorov.
15:11 of 1st period - Rourke Chartier wins face-off versus Brendan Leipsic in Phantoms zone.
15:36 of 1st period - Ben Hanowski is hit by Sven Andrighetto and loses puck.
15:43 of 1st period - Sven Andrighetto is hit by Phil Oreskovic and loses puck.
16:35 of 1st period - Off-side.
16:36 of 1st period - Brendan Woods wins face-off versus Nick Shore in neutral zone.
16:51 of 1st period - Wrist shot by Nick Shore.
16:51 of 1st period - Shot Blocked by Ryan Pulock.
17:01 of 1st period - Tye McGinn is hit by Dylan Olsen and loses puck.
17:26 of 1st period - Ivan Provorov is hit by Adam Gaudette and loses puck.
17:31 of 1st period - Snap shot by Riley Armstrong.
17:31 of 1st period - Shot Misses the Net.
17:33 of 1st period - Snap shot by Max Domi.
17:33 of 1st period - Goal by Max Domi - Griffins : 4 - Phantoms : 2.
17:33 of 1st period - Anton Forsberg enters game.
17:34 of 1st period - Calle Jarnkrok wins face-off versus Dylan Larkin in neutral zone.
17:43 of 1st period - Snap shot by Calle Jarnkrok.
17:43 of 1st period - Shot Blocked by Ben Hanowski.
17:55 of 1st period - Minor Penalty to Ben Hanowski for High sticking.
17:56 of 1st period - Danny Kristo wins face-off versus Calle Jarnkrok in Griffins zone.
17:56 of 1st period - Danny Kristo is hit by Calle Jarnkrok.
19:51 of 1st period - Brendan Woods is hit by Ivan Provorov and loses puck.
19:55 of 1st period - Penalty to Ben Hanowski is over, Ben Hanowski is back on ice.
Goals for this period are 4 for Griffins vs 2 for Phantoms.
Shots for this period are 5 for Griffins vs 7 for Phantoms.
2nd period
0:01 of 2nd period - Calle Jarnkrok wins face-off versus Dylan Larkin in neutral zone.
0:04 of 2nd period - Wrist shot by Tyler Randell.
0:04 of 2nd period - Shot Misses the Net.
0:27 of 2nd period - Adam Gaudette is hit by Tomas Kubalik and loses puck.
0:36 of 2nd period - Snap shot by Tomas Kubalik.
0:36 of 2nd period - Stopped by Igor Shesterkin with a rebound.
0:44 of 2nd period - Tyler Brenner is hit by Max Domi and loses puck.
1:58 of 2nd period - Snap shot by Tomas Kubalik.
1:58 of 2nd period - Stopped by Igor Shesterkin with a rebound.
2:28 of 2nd period - Slapshot by Brandon McMillan.
2:28 of 2nd period - Goal by Brandon McMillan - Griffins : 4 - Phantoms : 3.
2:29 of 2nd period - Calle Jarnkrok wins face-off versus Ben Hanowski in neutral zone.
2:38 of 2nd period - Snap shot by Michael Bournival.
2:38 of 2nd period - Shot Blocked by Tye McGinn.
3:00 of 2nd period - Snap shot by Brandon Pirri.
3:00 of 2nd period - Shot Blocked by Dylan Olsen.
3:04 of 2nd period - Snap shot by Mathew Barzal.
3:04 of 2nd period - Shot Blocked by Dylan Olsen.
3:22 of 2nd period - Snap shot by Travis Konecny.
3:22 of 2nd period - Stopped by Igor Shesterkin with a rebound.
3:34 of 2nd period - Wrist shot by Michael Bournival.
3:34 of 2nd period - Shot Misses the Net.
3:36 of 2nd period - Snap shot by Jake Dotchin.
3:36 of 2nd period - Stopped by Igor Shesterkin with a rebound.
4:10 of 2nd period - Wrist shot by Brendan Woods.
4:10 of 2nd period - Shot Misses the Net.
4:24 of 2nd period - Tye McGinn is hit by Tyler Randell and loses puck.
4:50 of 2nd period - Travis Sanheim is hit by Rinat Valiev and loses puck.
5:03 of 2nd period - Marcus Pettersson is hit by Calle Jarnkrok.
5:45 of 2nd period - Mathew Barzal is hit by Jake Dotchin and loses puck.
6:21 of 2nd period - Simon Despres is hit by Nick Shore and loses puck.
7:20 of 2nd period - Icing by Rinat Valiev.
7:21 of 2nd period - Tyler Brenner wins face-off versus Rourke Chartier in Phantoms zone.
7:37 of 2nd period - Devon Teows is hit by Marcus Pettersson and loses puck.
8:06 of 2nd period - Icing by Travis Konecny.
8:07 of 2nd period - Riley Armstrong wins face-off versus Cristoval Nieves in Phantoms zone.
8:15 of 2nd period - Wrist shot by Adam Gaudette.
8:15 of 2nd period - Deflect By Riley Armstrong.
8:15 of 2nd period - Stopped by Anton Forsberg with a rebound.
8:17 of 2nd period - Wrist shot by Travis Sanheim.
8:17 of 2nd period - Stopped by Anton Forsberg with a rebound.
8:40 of 2nd period - Slapshot by Ryan Pulock.
8:40 of 2nd period - Stopped by Anton Forsberg without a rebound.
8:41 of 2nd period - Calle Jarnkrok wins face-off versus Dylan Larkin in Phantoms zone.
8:41 of 2nd period - Calle Jarnkrok is hit by Ben Hanowski.
8:53 of 2nd period - Wrist shot by Dylan Larkin.
8:53 of 2nd period - Shot Misses the Net.
8:55 of 2nd period - Wrist shot by Tye McGinn.
8:55 of 2nd period - Stopped by Anton Forsberg without a rebound.
8:56 of 2nd period - Dylan Larkin wins face-off versus Calle Jarnkrok in Phantoms zone.
9:00 of 2nd period - Icing by Jake Dotchin.
9:01 of 2nd period - Calle Jarnkrok wins face-off versus Dylan Larkin in Phantoms zone.
9:05 of 2nd period - Dylan Olsen is hit by Tye McGinn and loses puck.
9:08 of 2nd period - Slapshot by Jake Dotchin.
9:08 of 2nd period - Stopped by Igor Shesterkin with a rebound.
9:14 of 2nd period - Backhand shot by Michael Bournival.
9:14 of 2nd period - Shot Misses the Net.
9:16 of 2nd period - Snap shot by Jake Dotchin.
9:16 of 2nd period - Stopped by Igor Shesterkin with a rebound.
9:36 of 2nd period - Snap shot by Max Domi.
9:36 of 2nd period - Stopped by Anton Forsberg without a rebound.
9:37 of 2nd period - Calle Jarnkrok wins face-off versus Dylan Larkin in Phantoms zone.
9:37 of 2nd period - Calle Jarnkrok is hit by Jordie Benn.
10:29 of 2nd period - Slapshot by Tye McGinn.
10:29 of 2nd period - Stopped by Anton Forsberg without a rebound.
10:30 of 2nd period - Riley Armstrong wins face-off versus Nick Shore in Phantoms zone.
11:13 of 2nd period - Slapshot by Nick Shore.
11:13 of 2nd period - Deflect By Sven Andrighetto.
11:13 of 2nd period - Shot Misses the Net.
11:13 of 2nd period - Puck is out of play.
11:14 of 2nd period - Calle Jarnkrok wins face-off versus Mathew Barzal in Griffins zone.
11:17 of 2nd period - Snap shot by Michael Bournival.
11:17 of 2nd period - Stopped by Igor Shesterkin with a rebound.
11:21 of 2nd period - Wrist shot by Tyler Randell.
11:21 of 2nd period - Shot Misses the Net.
11:29 of 2nd period - Wrist shot by Tyler Randell.
11:29 of 2nd period - Deflect By Calle Jarnkrok.
11:29 of 2nd period - Shot Hit the Post.
11:29 of 2nd period - Puck is out of play.
11:30 of 2nd period - Dylan Larkin wins face-off versus Tomas Kubalik in Griffins zone.
11:30 of 2nd period - Dylan Larkin is hit by Tyler Brenner.
11:37 of 2nd period - Minor Penalty to Jake Dotchin for Tripping.
11:38 of 2nd period - Tyler Randell wins face-off versus Max Domi in Phantoms zone.
12:12 of 2nd period - Slapshot by Jordie Benn.
12:12 of 2nd period - Stopped by Anton Forsberg without a rebound.
12:13 of 2nd period - Calle Jarnkrok wins face-off versus Riley Armstrong in Phantoms zone.
12:22 of 2nd period - Slapshot by Brandon Pirri.
12:22 of 2nd period - Stopped by Anton Forsberg without a rebound.
12:23 of 2nd period - Dylan Larkin wins face-off versus Tyler Randell in Phantoms zone.
12:26 of 2nd period - Backhand shot by Dylan Larkin.
12:26 of 2nd period - Stopped by Anton Forsberg without a rebound.
12:27 of 2nd period - Dylan Larkin wins face-off versus Tyler Randell in Phantoms zone.
12:34 of 2nd period - Slapshot by Dylan Larkin.
12:34 of 2nd period - Stopped by Anton Forsberg without a rebound.
12:35 of 2nd period - Tyler Randell wins face-off versus Dylan Larkin in Phantoms zone.
13:37 of 2nd period - Penalty to Jake Dotchin is over, Jake Dotchin is back on ice.
14:08 of 2nd period - Wrist shot by Tye McGinn.
14:08 of 2nd period - Shot Blocked by Rinat Valiev.
14:27 of 2nd period - Morgan Klimchuk is hit by Max Domi and loses puck.
15:19 of 2nd period - Icing by Nick Shore.
15:20 of 2nd period - Riley Armstrong wins face-off versus Cristoval Nieves in Phantoms zone.
15:23 of 2nd period - Snap shot by Riley Armstrong.
15:23 of 2nd period - Goal by Riley Armstrong - Griffins : 5 - Phantoms : 3.
15:24 of 2nd period - Calle Jarnkrok wins face-off versus Dylan Larkin in neutral zone.
15:38 of 2nd period - Wrist shot by Dylan Larkin.
15:38 of 2nd period - Shot Blocked by Jake Dotchin.
15:40 of 2nd period - Slapshot by Simon Despres.
15:40 of 2nd period - Shot Misses the Net.
15:59 of 2nd period - Snap shot by Max Domi.
15:59 of 2nd period - Shot Misses the Net.
16:08 of 2nd period - Blake Heinrich is hit by Danny Kristo and loses puck.
16:15 of 2nd period - Wrist shot by Erik Nystrom.
16:15 of 2nd period - Deflect By Sven Andrighetto.
16:15 of 2nd period - Stopped by Igor Shesterkin with a rebound.
16:17 of 2nd period - Wrist shot by Sven Andrighetto.
16:17 of 2nd period - Deflect By Nick Shore.
16:17 of 2nd period - Goal by Nick Shore - Griffins : 5 - Phantoms : 4.
16:18 of 2nd period - Calle Jarnkrok wins face-off versus Dylan Larkin in neutral zone.
16:21 of 2nd period - Slapshot by Jake Dotchin.
16:21 of 2nd period - Stopped by Igor Shesterkin with a rebound.
17:09 of 2nd period - Blake Heinrich is hit by Jordie Benn and loses puck.
17:56 of 2nd period - Snap shot by Calle Jarnkrok.
17:56 of 2nd period - Shot Misses the Net.
18:39 of 2nd period - Wrist shot by Tye McGinn.
18:39 of 2nd period - Stopped by Anton Forsberg without a rebound.
18:40 of 2nd period - Nick Shore wins face-off versus Riley Armstrong in Phantoms zone.
18:40 of 2nd period - Nick Shore is hit by Max Domi.
18:56 of 2nd period - Nick Shore is hit by Riley Armstrong and loses puck.
Goals for this period are 1 for Griffins vs 2 for Phantoms.
Shots for this period are 12 for Griffins vs 11 for Phantoms.
3rd period
0:01 of 3rd period - Dylan Larkin wins face-off versus Calle Jarnkrok in neutral zone.
0:03 of 3rd period - Minor Penalty to Ben Hanowski for Holding.
0:04 of 3rd period - Danny Kristo wins face-off versus Calle Jarnkrok in Griffins zone.
2:03 of 3rd period - Penalty to Ben Hanowski is over, Ben Hanowski is back on ice.
2:09 of 3rd period - Snap shot by Nick Shore.
2:09 of 3rd period - Shot Misses the Net.
2:20 of 3rd period - Minor Penalty to Rinat Valiev for Roughing.
2:21 of 3rd period - Dylan Larkin wins face-off versus Tyler Randell in Phantoms zone.
3:59 of 3rd period - Travis Sanheim is hit by Tomas Kubalik and loses puck.
4:20 of 3rd period - Penalty to Rinat Valiev is over, Rinat Valiev is back on ice.
4:20 of 3rd period - Marcus Pettersson is hit by Blake Heinrich and loses puck.
4:35 of 3rd period - Wrist shot by Cristoval Nieves.
4:35 of 3rd period - Shot Misses the Net.
4:37 of 3rd period - Snap shot by Erik Nystrom.
4:37 of 3rd period - Stopped by Igor Shesterkin with a rebound.
4:39 of 3rd period - Slapshot by Nick Shore.
4:39 of 3rd period - Deflect By Sven Andrighetto.
4:39 of 3rd period - Shot Blocked by Rourke Chartier.
4:39 of 3rd period - Puck is out of play.
4:40 of 3rd period - Nick Shore wins face-off versus Rourke Chartier in Griffins zone.
4:45 of 3rd period - Snap shot by Erik Nystrom.
4:45 of 3rd period - Deflect By Phil Oreskovic.
4:45 of 3rd period - Shot Misses the Net.
4:45 of 3rd period - Puck is out of play.
4:46 of 3rd period - Rourke Chartier wins face-off versus Calle Jarnkrok in Griffins zone.
4:46 of 3rd period - Rourke Chartier is hit by Michael Bournival.
5:28 of 3rd period - Wrist shot by Riley Armstrong.
5:28 of 3rd period - Shot Misses the Net.
5:30 of 3rd period - Slapshot by Travis Sanheim.
5:30 of 3rd period - Shot Misses the Net.
5:48 of 3rd period - Erik Nystrom is hit by Brandon Pirri and loses puck.
5:49 of 3rd period - Erik Nystrom from Phantoms is injured at 5:49 of 3rd period (Bruised Left Arm).
5:50 of 3rd period - Calle Jarnkrok wins face-off versus Dylan Larkin in Phantoms zone.
5:56 of 3rd period - Minor Penalty to Michael Bournival for Hooking.
5:57 of 3rd period - Tye McGinn wins face-off versus Tyler Randell in Phantoms zone.
5:57 of 3rd period - Snap shot by Max Domi.
5:57 of 3rd period - Shot Misses the Net.
5:59 of 3rd period - Slapshot by Marcus Pettersson.
5:59 of 3rd period - Deflect By Max Domi.
5:59 of 3rd period - Shot Misses the Net.
5:59 of 3rd period - Puck is out of play.
6:00 of 3rd period - Tye McGinn wins face-off versus Tyler Randell in Phantoms zone.
7:56 of 3rd period - Penalty to Michael Bournival is over, Michael Bournival is back on ice.
8:30 of 3rd period - Sonny Milano is hit by Blake Heinrich and loses puck.
8:38 of 3rd period - Icing by Phil Oreskovic.
8:39 of 3rd period - Rourke Chartier wins face-off versus Tyler Brenner in Griffins zone.
9:11 of 3rd period - Wrist shot by Michael Bournival.
9:11 of 3rd period - Shot Misses the Net.
9:13 of 3rd period - Slapshot by Devon Teows.
9:13 of 3rd period - Stopped by Igor Shesterkin without a rebound.
9:14 of 3rd period - Ben Hanowski wins face-off versus Calle Jarnkrok in Griffins zone.
9:30 of 3rd period - Backhand shot by Dylan Larkin.
9:30 of 3rd period - Shot Blocked by Calle Jarnkrok.
9:40 of 3rd period - Tye McGinn is hit by Michael Bournival and loses puck.
9:57 of 3rd period - Snap shot by Michael Bournival.
9:57 of 3rd period - Stopped by Igor Shesterkin without a rebound.
9:58 of 3rd period - Riley Armstrong wins face-off versus Tyler Brenner in Griffins zone.
10:04 of 3rd period - Minor Penalty to Ivan Provorov for Interference.
10:05 of 3rd period - Tyler Randell wins face-off versus Dylan Larkin in Phantoms zone.
10:05 of 3rd period - Tyler Randell is hit by Max Domi.
10:45 of 3rd period - Slapshot by Dylan Olsen.
10:45 of 3rd period - Deflect By Tomas Kubalik.
10:45 of 3rd period - Stopped by Igor Shesterkin with a rebound.
10:47 of 3rd period - Slapshot by Jake Dotchin.
10:47 of 3rd period - Stopped by Igor Shesterkin without a rebound.
10:48 of 3rd period - Brandon Pirri wins face-off versus Tyler Randell in Griffins zone.
10:48 of 3rd period - Brandon Pirri is hit by Tyler Randell.
11:13 of 3rd period - Dylan Larkin is hit by Blake Heinrich and loses puck.
11:22 of 3rd period - Snap shot by Max Domi.
11:22 of 3rd period - Goal by Max Domi - Griffins : 6 - Phantoms : 4.
11:23 of 3rd period - Calle Jarnkrok wins face-off versus Dylan Larkin in neutral zone.
11:36 of 3rd period - Minor Penalty to Michael Bournival for Cross-checking.
11:37 of 3rd period - Dylan Larkin wins face-off versus Tyler Randell in Phantoms zone.
11:41 of 3rd period - Wrist shot by Max Domi.
11:41 of 3rd period - Shot Misses the Net.
11:43 of 3rd period - Snap shot by Marcus Pettersson.
11:43 of 3rd period - Goal by Marcus Pettersson - Griffins : 7 - Phantoms : 4.
11:44 of 3rd period - Dylan Larkin wins face-off versus Calle Jarnkrok in neutral zone.
11:53 of 3rd period - Snap shot by Dylan Larkin.
11:53 of 3rd period - Deflect By Tye McGinn.
11:53 of 3rd period - Stopped by Anton Forsberg with a rebound.
11:55 of 3rd period - Wrist shot by Ben Hanowski.
11:55 of 3rd period - Shot Blocked by Calle Jarnkrok.
11:57 of 3rd period - Slapshot by Simon Despres.
11:57 of 3rd period - Stopped by Anton Forsberg with a rebound.
11:59 of 3rd period - Snap shot by Ben Hanowski.
11:59 of 3rd period - Shot Misses the Net.
12:32 of 3rd period - Sven Andrighetto is hit by Mathew Barzal and loses puck.
12:54 of 3rd period - Slapshot by Jordie Benn.
12:54 of 3rd period - Stopped by Anton Forsberg without a rebound.
12:55 of 3rd period - Dylan Larkin wins face-off versus Cristoval Nieves in Phantoms zone.
13:19 of 3rd period - Icing by Dylan Larkin.
13:20 of 3rd period - Calle Jarnkrok wins face-off versus Dylan Larkin in Griffins zone.
13:21 of 3rd period - Wrist shot by Tyler Randell.
13:21 of 3rd period - Stopped by Igor Shesterkin with a rebound.
13:37 of 3rd period - Simon Despres is hit by Calle Jarnkrok and loses puck.
14:02 of 3rd period - Snap shot by Ben Hanowski.
14:02 of 3rd period - Shot Misses the Net.
14:04 of 3rd period - Slapshot by Tye McGinn.
14:04 of 3rd period - Goal by Tye McGinn - Griffins : 8 - Phantoms : 4.
14:05 of 3rd period - Riley Armstrong wins face-off versus Tyler Brenner in neutral zone.
14:08 of 3rd period - Wrist shot by Tomas Kubalik.
14:08 of 3rd period - Stopped by Igor Shesterkin with a rebound.
14:10 of 3rd period - Slapshot by Ivan Provorov.
14:10 of 3rd period - Stopped by Igor Shesterkin with a rebound.
14:12 of 3rd period - Wrist shot by Tomas Kubalik.
14:12 of 3rd period - Shot Misses the Net.
14:14 of 3rd period - Slapshot by Blake Heinrich.
14:14 of 3rd period - Shot Blocked by Jordie Benn.
14:16 of 3rd period - Wrist shot by Tyler Brenner.
14:16 of 3rd period - Shot Hit the Post.
14:26 of 3rd period - Minor Penalty to Marcus Pettersson for Cross-checking.
14:27 of 3rd period - Danny Kristo wins face-off versus Calle Jarnkrok in Griffins zone.
14:42 of 3rd period - Snap shot by Calle Jarnkrok.
14:42 of 3rd period - Shot Misses the Net.
16:26 of 3rd period - Penalty to Marcus Pettersson is over, Marcus Pettersson is back on ice.
16:56 of 3rd period - Snap shot by Riley Armstrong.
16:56 of 3rd period - Stopped by Anton Forsberg with a rebound.
17:07 of 3rd period - Double Minor Penalty to Phil Oreskovic for Roughing.
17:08 of 3rd period - Calle Jarnkrok wins face-off versus Danny Kristo in Griffins zone.
17:14 of 3rd period - Slapshot by Michael Bournival.
17:14 of 3rd period - Deflect By Calle Jarnkrok.
17:14 of 3rd period - Goal by Calle Jarnkrok - Griffins : 8 - Phantoms : 5.
17:15 of 3rd period - Calle Jarnkrok wins face-off versus Danny Kristo in neutral zone.
17:26 of 3rd period - Snap shot by Tyler Randell.
17:26 of 3rd period - Goal by Tyler Randell - Griffins : 8 - Phantoms : 6.
17:27 of 3rd period - Nick Shore wins face-off versus Mathew Barzal in neutral zone.
18:00 of 3rd period - Minor Penalty to Morgan Klimchuk for Hooking.
18:01 of 3rd period - Tyler Randell wins face-off versus Dylan Larkin in Phantoms zone.
0:00 - Penalty to Morgan Klimchuk is over, Morgan Klimchuk is back on ice.
Goals for this period are 3 for Griffins vs 2 for Phantoms.
Shots for this period are 7 for Griffins vs 10 for Phantoms.